 Dungeon Crawl Stone Soup version 0.29.1-13-g9f3cf754e1 (webtiles) character file.

Game seed: 11223585272380060417

45 wolfrpgdude the Shooter (level 3, -1/30 HPs)
             Began as a Hill Orc Hunter on Feb 4, 2023.
             Slain by a goblin
             ... wielding a +0 dagger
             ... led by Robin
              (2 damage)
             ... on level 2 of the Dungeon.
             The game lasted 00:02:42 (1038 turns).

wolfrpgdude the Shooter (Hill Orc Hunter)           Turns: 1038, Time: 00:02:43

Health: -1/30      AC:  3    Str: 15    XL:     3   Next: 64%
Magic:  3/3        EV: 11    Int:  9    God:
Gold:   66         SH:  0    Dex: 14    Spells: 2/2 levels left

rFire   . . .      SeeInvis .   k - +1 dagger (vamp)
rCold   . . .      Faith    .   (no shield)
rNeg    . . .      Spirit   .   c - +0 leather armour
rPois   .          Reflect  .   (no helmet)
rElec   .          Harm     .   (no cloak)
rCorr   .          Rampage  .   (no gloves)
Will    .....                   (no boots)
Stlth   +.........              j - amulet of regeneration
HPRegen 0.90/turn               (no ring)
MPRegen 0.08/turn               (no ring)

@: no status effects
A: no striking features
a: no special abilities


You were on level 2 of the Dungeon.
You visited 1 branch of the dungeon, and saw 2 of its levels.

You collected 66 gold pieces.

Inventory:

Hand Weapons
 a - a +0 shortbow
 k - a +1 vampiric dagger (weapon)
Armour
 c - a +0 leather armour (worn)
Jewellery
 j - an amulet of regeneration (around neck)
Scrolls
 b - a scroll of immolation
 d - 3 scrolls of identify {unknown}
 h - a scroll of noise {unknown}
Potions
 e - 3 potions of heal wounds {unknown}
 f - a potion of curing {unknown}
 g - a potion of lignification {unknown}
 i - a potion of degeneration {unknown}


   Skills:
 + Level 2.5 Fighting
 + Level 4.4 Ranged Weapons
 + Level 1.3 Armour
 + Level 1.7 Dodging
 + Level 0.7 Stealth


You had 2 spell levels left.
You didn't know any spells.
Your spell library was empty.

Dungeon Overview and Level Annotations

Branches:
Dungeon (2/15)

Altars:

Shops:
D:1 (

Annotations:
D:2 Robin


Message History

The goblin hits you but does no damage. The hobgoblin hits you.
The goblin hits you with a +0 dagger.
You hit the hobgoblin.
You feel better.
The hobgoblin is severely wounded.
The goblin barely misses you. The hobgoblin barely misses you.
The goblin barely misses you.
You hit the hobgoblin but do no damage.
The hobgoblin is severely wounded.
The goblin closely misses you. The goblin hits you with a +0 club.
The hobgoblin completely misses you. The goblin hits you but does no damage.
You hit the hobgoblin but do no damage.
The hobgoblin is severely wounded.
The goblin closely misses you. The hobgoblin hits you.
The goblin hits you but does no damage.
You are too injured to fight recklessly!
You closely miss the hobgoblin.
The hobgoblin is severely wounded.
The hobgoblin no longer looks unusually strong.
The goblin hits you but does no damage. The goblin barely misses you.
The goblin hits you with a +0 club. The hobgoblin hits you.
* * * LOW HITPOINT WARNING * * *
A goblin comes into view. It is wielding a +0 club.
The goblin barely misses you.
You hit the hobgoblin but do no damage.
The hobgoblin is severely wounded.
The hobgoblin no longer looks unusually strong.
The goblin completely misses you. The goblin hits you with a +0 club.
* * * LOW HITPOINT WARNING * * *
Robin roars a battlecry!
The hobgoblins go into a battle-frenzy!
The hobgoblin completely misses you. The goblin misses you. x2
You barely miss the hobgoblin.
The hobgoblin is severely wounded.
The goblin closely misses you. The goblin barely misses you.
The goblin hits you with a +0 club.
* * * LOW HITPOINT WARNING * * *
The hobgoblin hits you.
* * * LOW HITPOINT WARNING * * *
The goblin hits you with a +0 dagger.
You die...

....# # #...##
##. #....
..###...#
......!####
#....[...#
.####ggg..?..#
.Jgw.gg@.....##
.g####gg......#
#.).....!#
#........#
#...)....#
###.####.# #.#
# ##)# #..#


You could see a worm, Robin, an endoplasm, 3 hobgoblins and 5 goblins.

Vanquished Creatures
  2 adders (D:2)
  A worm (D:2)
  3 endoplasms
  A giant cockroach (D:1)
  8 goblins
  2 hobgoblins
  A quokka (D:1)
  3 bats
  A frilled lizard (D:1)
22 creatures vanquished.

Notes
Turn   | Place    | Note
-------+----------+-------------------------------------------
     0 | D:1      | wolfrpgdude the Hill Orc Hunter began the quest for the
                  | Orb.
     0 | D:1      | Reached XP level 1. HP: 18/18 MP: 1/1
   233 | D:1      | Reached XP level 2. HP: 19/25 MP: 2/2
   319 | D:1      | Found Othoopur's Antique Weapon Boutique.
   357 | D:1      | Reached skill level 4 in Ranged Weapons
   849 | D:2      | Reached XP level 3. HP: 30/30 MP: 3/3
   888 | D:2      | Reached skill level 1 in Armour
  1024 | D:2      | Noticed Robin
  1038 | D:2      | HP: 1/30 [hobgoblin[Robin] (2)]
  1038 | D:2      | Slain by a goblin

Illustrated notes

Levels and vault maps discovered:
D:1:      dpeg_arrival_round_a, layout_basic, serial_shops, nicolae_diamond_shop
D:2:      layout_loops_ring, uniq_robin

Skill      XL: |  1  2  3 |
---------------+----------+-----
Ranged Weapons | 4 |  4.4
Armour         | 1 |  1.3
Fighting       | |  2.5
Dodging        | |  1.7
Stealth        | |  0.7

Action                   || total
-------------------------++-------
Melee: Dagger            ||    30
 Fire: Shortbow          ||    60
Armor: Leather armour    ||    23
Dodge: Dodged            ||    50
